 Dungeon Crawl Stone Soup version 0.29-a0-1033-gb6c65ffae6 (webtiles) character file.

Game seed: 7102989198831624553

690 Zonian the Chiller (level 7, -11/46 HPs)
             Began as a Demonspawn Ice Elementalist on Aug 14, 2022.
             Was a Priest of Lugonu.
             Mangled by Pikel
             ... wielding a +0 whip of electrocution
              (17 damage)
             ... on level 5 of the Dungeon.
             The game lasted 00:10:35 (4705 turns).

Zonian the Chiller (Demonspawn Ice Elementalist)    Turns: 4705, Time: 00:10:35

Health: -11/46     AC:  6    Str:  8    XL:     7   Next: 36%
Magic:  6/14       EV: 13    Int: 17    God:    Lugonu [***...]
Gold:   248        SH:  0    Dex: 21    Spells: 9/16 levels left

rFire   + . .      SeeInvis .   t - +2 dagger (speed)
rCold   . . .      Faith    .   (no shield)
rNeg    . . .      Spirit   .   a - +0 robe
rPois   .          Reflect  .   (helmet restricted)
rElec   .          Harm     .   (no cloak)
rCorr   .          Rampage  .   f - +0 pair of gloves
Will    .....                   (no boots)
Stlth   +++.......              (no amulet)
HPRegen 0.15/turn               n - +6 ring of dexterity
MPRegen 0.14/turn               m - ring of protection from fire

@: freezing walls, very slightly contaminated
A: antennae 1, yellow scales 2, demonic magic 1
a: Renounce Religion, Depart the Abyss, Bend Space, Banish


You were on level 5 of the Dungeon.
You worshipped Lugonu.
Lugonu was most pleased with you.
You visited 1 branch of the dungeon, and saw 5 of its levels.

You collected 248 gold pieces.

Inventory:

Hand Weapons
 e - a +0 dagger
 t - a +2 dagger of speed (weapon)
Missiles
 g - 2 javelins
 u - 2 poisoned darts
Armour
 a - a +0 robe (worn)
 f - a +0 pair of gloves (worn)
Jewellery
 m - a ring of protection from fire (right hand)
 n - a +6 ring of dexterity (left hand)
Wands
 k - a wand of charming (6)
Scrolls
 c - 3 scrolls of magic mapping
 j - 3 scrolls of fear
Potions
 b - 3 potions of magic
 d - 2 potions of mutation {unknown}
 h - 2 potions of flight
 i - 2 potions of curing
 l - 2 potions of degeneration
 p - a potion of heal wounds
 q - a potion of might {unknown}
 s - a potion of lignification {unknown}


   Skills:
 - Level 2.4 Dodging
 - Level 2.5 Stealth
 + Level 5.1 Spellcasting
 + Level 6.0 Ice Magic
 - Level 1.7 Invocations


You had 9 spell levels left.
You knew the following spells:

 Your Spells              Type           Power      Damage    Failure   Level
a - Freeze                Ice            100%       1d11      1%          1
b - Frozen Ramparts       Ice            50%        1d8       3%          3
c - Ozocubu's Armour      Ice            25%        N/A       3%          3

Your spell library contained the following spells:

 Spells                   Type           Power      Damage    Failure   Level
 Beastly Appendage        Tmut           8%         N/A       14%         1
 Static Discharge         Conj/Air       4%         3-4/arc   22%         2
 Wereblood                Tmut           4%         N/A       22%         2
 Spider Form              Tmut/Pois      4%         N/A       38%         3
 Hailstorm                Conj/Ice       14%        3d5       38%         4
 Dispel Undead            Necr           4%         3d7       80%         4
 Sticky Flame             Conj/Fire      4%         2d3       80%         4


Dungeon Overview and Level Annotations

Branches:
Dungeon (5/15)
 Temple: D:4-7

Altars:
Dithmenos
Fedhas
Lugonu

Shops:
D:4 :

Annotations:
D:3 Sigmund
D:5 Pikel


Innate Abilities, Weirdness & Mutations

You have a pair of small antennae on your head.
You are mostly covered in yellow scales. (AC +3)
Spells you cast may paralyse adjacent enemies.


Message History

Casting: Frozen Ramparts (dangerous; 3% risk of failure)
Confirm with . or Enter, or press ? or * to list all spells.
Aiming: Freeze (safe; 1% risk of failure)
Press: ? - help, Shift-Dir - straight line, f/p - Pikel
Aim: Pikel, wielding a +0 whip of electrocution and wearing a +0 robe (lightly wounded)
You freeze Pikel!
Pikel is moderately wounded.
Malevolent energies surge around you.
The wall freezes Pikel.
Pikel closely misses you.
Casting: Freeze (safe; 1% risk of failure)
Confirm with . or Enter, or press ? or * to list all spells.
Aiming: Freeze (safe; 1% risk of failure)
Press: ? - help, Shift-Dir - straight line, f/p - Pikel
Aim: Pikel, wielding a +0 whip of electrocution and wearing a +0 robe (heavily wounded)
You freeze Pikel!
Pikel is severely wounded.
Malevolent energies surge around you.
The frozen ramparts melt away.
Pikel hits you with a +0 whip of electrocution.
You are electrocuted!
Casting: Freeze (safe; 1% risk of failure)
Confirm with . or Enter, or press ? or * to list all spells.
Casting: Frozen Ramparts (dangerous; 3% risk of failure)
Press: ? - help, Dir - look around, f - activate A stone staircase leading down, spattered with blood.
The walls around you are covered in ice.
Malevolent energies surge around you.
The wall freezes Pikel.
Pikel closely misses you.
Unknown command.
Casting: Frozen Ramparts (dangerous; 3% risk of failure)
Confirm with . or Enter, or press ? or * to list all spells.
Aiming: Freeze (safe; 1% risk of failure)
Press: ? - help, Shift-Dir - straight line, f - Pikel
Aim: Pikel, wielding a +0 whip of electrocution and wearing a +0 robe (severely wounded)
You miscast Freeze.
You are very lightly contaminated with residual magic.
Nothing appears to happen.
The wall freezes Pikel.
Pikel hits you with a +0 whip of electrocution!
* * * LOW HITPOINT WARNING * * *
You are electrocuted!
You die...

....####....................#
.........####.##..♣(........#
##+#.....####...............#
.#.#........#.....<...#######
.#.#####....##.....5..#
.#.#........##..♣..5♣##
.#.#.####...###...{.#
.#.#.####...###.K####
##......+....###@#
.....####....# ### ....##
#....# ..#.# #....# ###.#
#....# ###.# ####.# #...# #.#
#.### #.# #.# #.#


You could see Pikel and a lemure.

Vanquished Creatures
  2 water moccasins (D:5)
  An ogre (D:5)
  A lemure (D:5)
  A necrophage (D:5)
  2 scorpions
  A hound (D:2)
  An iguana (D:5)
  Ijyb (D:5)
  An orc wizard (D:4)
  A gnoll (D:2)
  3 adders
  A white imp (D:3)
  A worm (D:5)
  4 dart slugs
  7 orcs
  4 endoplasms
  3 giant cockroaches
  7 goblins
  8 hobgoblins
  2 ball pythons
  3 bats (D:1)
  6 frilled lizards
  3 goblin skeletons (D:3)
  2 goblin zombies (D:3)
  A hobgoblin zombie (D:3)
  7 kobolds
  2 kobold skeletons (D:3)
  An orc zombie (D:3)
  4 rats
81 creatures vanquished.

Vanquished Creatures (others)
  5 fungi (D:4)
  2 plants (D:4)
7 creatures vanquished.

Grand Total: 88 creatures vanquished

Notes
Turn   | Place    | Note
-------+----------+-------------------------------------------
     0 | D:1      | Zonian the Demonspawn Ice Elementalist began the quest for
                  | the Orb.
     0 | D:1      | Reached XP level 1. HP: 13/13 MP: 3/3
   207 | D:1      | Gained mutation: You are partially covered in yellow
                  | scales. (AC +2) [demonic ancestry]
   207 | D:1      | Reached XP level 2. HP: 16/19 MP: 5/5
   213 | D:1      | Found a faded altar of an unknown god.
   213 | D:1      | Noticed a tormentor
   222 | D:1      | Prayed at the altar of an unknown god.
   222 | D:1      | Became a worshipper of Lugonu the Unformed
   222 | D:1      | Reached * piety under Lugonu
   222 | D:1      | Reached ** piety under Lugonu
  1116 | D:2      | Reached XP level 3. HP: 24/24 MP: 4/6
  1186 | D:2      | Reached skill level 1 in Invocations
  1364 | D:2      | Reached skill level 4 in Ice Magic
  1364 | D:2      | Gained mutation: You are mostly covered in yellow scales.
                  | (AC +3) [demonic ancestry]
  1364 | D:2      | Reached XP level 4. HP: 30/30 MP: 2/7
  1844 | D:3      | Learned a level 3 spell: Frozen Ramparts
  1864 | D:3      | Found a shadowy altar of Dithmenos.
  2053 | D:3      | Reached *** piety under Lugonu
  2513 | D:3      | Noticed Sigmund
  2592 | D:4      | Noticed a scorpion
  2600 | D:4      | Killed a scorpion
  2601 | D:4      | Gained mutation: Spells you cast may paralyse adjacent
                  | enemies. [demonic ancestry]
  2601 | D:4      | Reached XP level 5. HP: 30/35 MP: 3/9
  2655 | D:4      | Found a blossoming altar of Fedhas.
  2987 | D:4      | Found Hiramuo's Self-Improvement Boutique.
  3337 | D:4      | Learned a level 3 spell: Ozocubu's Armour
  3534 | D:5      | Entered Level 5 of the Dungeon
  3604 | D:5      | Noticed a water moccasin
  3614 | D:5      | Killed a water moccasin
  3615 | D:5      | Reached skill level 5 in Ice Magic
  3615 | D:5      | Reached XP level 6. HP: 41/41 MP: 7/12
  3952 | D:5      | Noticed Ijyb
  3959 | D:5      | Killed Ijyb
  4279 | D:5      | Noticed a water moccasin
  4283 | D:5      | Killed a water moccasin
  4284 | D:5      | Gained mutation: You have a pair of small antennae on your
                  | head. [demonic ancestry]
  4284 | D:5      | Reached XP level 7. HP: 38/46 MP: 10/14
  4460 | D:5      | Reached skill level 5 in Spellcasting
  4460 | D:5      | Reached skill level 6 in Ice Magic
  4627 | D:5      | Noticed Pikel
  4705 | D:5      | Mangled by Pikel

Illustrated notes

Levels and vault maps discovered:
D:1:      dpeg_arrival_rhombus, layout_basic,
          dreamdust_ecumenical_altar_sealed_demon
D:2:      layout_basic, dk_noncrumbling_4, minmay_heptomino_o4
D:3:      layout_loops_ring, nicolae_dithmenos_the_darkroom,
          nicolae_tso_besieged_by_evil, uniq_sigmund
D:4:      layout_loops_ring, fedhas_altar_3, moated_statue,
          nicolae_shop_self_help
D:5:      layout_basic, grunt_ministairs_1, serial_park_tiny_1, uniq_pikel,
          uniq_ijyb, uniq_blork_the_orc, uniq_crazy_yiuf_cottage

Skill      XL: |  1  2  3  4  5  6  7 |
---------------+----------------------+-----
Dodging        | 2 |  2.4
Stealth        | 2 |  2.5
Invocations    | 1 |  1.7
Ice Magic      | 4 5 6 |  6.0
Spellcasting   | 3 4 5 |  5.1

Action                   |  1- 3 |  4- 6 |  7- 9 || total
-------------------------+-------+-------+-------++-------
Melee: Dagger            |    45 |   117 |    23 ||   185
       Unarmed           |     3 |       |       ||     3
       Punch             |     1 |     1 |       ||     2
Throw: Javelin           |       |     1 |       ||     1
       Dart              |       |       |     1 ||     1
 Cast: Freeze            |    36 |    41 |     2 ||    79
       Frozen Ramparts   |       |       |     3 ||     3
       Ozocubu's Armour  |       |       |     1 ||     1
Invok: Bend Space        |       |     1 |       ||     1
Evoke: Wand              |       |     1 |       ||     1
  Use: Scroll            |       |    10 |       ||    10
       Potion            |       |     2 |       ||     2
 Stab: Sleeping          |     3 |     9 |     1 ||    13
       Paralysed         |       |     9 |     2 ||    11
Armor: Robe              |    20 |    32 |     3 ||    55
Dodge: Dodged            |    69 |    68 |     8 ||   145

Table legend: (Time is in decaauts)
 A = Elapsed time spent in this place.
 B = Non-inter-level travel time spent in this place.
 C = Inter-level travel time spent in this place.
 D = Time resting spent in this place.
 E = Time spent auto-exploring this place.
 F = Levels seen in this place.
 G = Mean time per level.
                   A        B        C        D        E       F      G
               +--------+--------+--------+--------+--------+-----+--------+
         Total |   4689 |   4589 |    100 |    703 |   2883 |   5 |  937.8 |
       Dungeon |   4689 |   4589 |    100 |    703 |   2883 |   5 |  937.8 |
               +--------+--------+--------+--------+--------+-----+--------+

Top non-repeatable levels by time:
     D:5: 1136 daAuts
     D:4: 965 daAuts
     D:1: 919 daAuts
     D:2: 905 daAuts
     D:3: 762 daAuts
